 Dungeon Crawl Stone Soup version 0.21-a0-154-gb5400c9 (webtiles) character file.

143 froobite the Slasher (level 5, -11/47 HPs)
             Began as a Minotaur Berserker on Aug 2, 2017.
             Was a Believer of Trog.
             Killed by divine providence
             ... invoked by an orc priest
              (16 damage)
             ... on level 3 of the Dungeon.
             The game lasted 00:06:38 (1814 turns).

froobite the Slasher (Minotaur Berserker)           Turns: 1814, Time: 00:06:39

Health: -11/47     AC:  9    Str: 22    XL:     5   Next: 4%
Magic:  0/4        EV:  9    Int:  5    God:    Trog [**....]
Gold:   133        SH:  0    Dex:  9    Spells: 4/4 levels left

rFire    . . .     SeeInvis .   a - +0 falchion
rCold    . . .     Gourm    .   (no shield)
rNeg     . . .     Faith    .   f - +0 chain mail
rPois    .         Spirit   +   (helmet restricted)
rElec    .         Reflect  .   e - scarf {Spirit}
rCorr    .         Harm     .   (no gloves)
MR       .....                  (no boots)
Stlth    ..........             (no amulet)
HPRegen  0.15/turn              (no ring)
MPRegen  0.09/turn              (no ring)

@: berserk cooldown, slowed, very slow
A: retaliatory headbutt, horns 2
a: Berserk, Trog's Hand, Burn Spellbooks, Renounce Religion


You were on level 3 of the Dungeon.
You worshipped Trog.
Trog was pleased with you.
You were near starving.

You visited 1 branch of the dungeon, and saw 3 of its levels.

You collected 133 gold pieces.

Inventory:

Hand Weapons
 a - a +0 falchion (weapon)
Armour
 b - a +0 animal skin
 e - a scarf of spirit shield (worn)
 f - a +0 chain mail (worn)
Scrolls
 g - 2 scrolls of immolation
 i - a scroll of recharging
 j - 2 scrolls of identify
 m - a scroll of fog
 n - a scroll of noise {unknown}
 o - a scroll of teleportation
 p - a scroll of enchant armour {unknown}
Potions
 d - a potion of haste {unknown}
 h - a potion of heal wounds
 k - 2 potions of might {unknown}
 l - a potion of agility {unknown}
Comestibles
 c - 2 bread rations


   Skills:
 + Level 4.7 Fighting
 + Level 5.0 Long Blades
 + Level 3.7 Armour
 + Level 2.8 Dodging
 + Level 0.5 Stealth


You had 4 spell levels left.
You didn't know any spells.

Dungeon Overview and Level Annotations

Branches:
Dungeon (3/15)

Altars:
Gozag
Nemelex Xobeh


Innate Abilities, Weirdness & Mutations

You reflexively headbutt those who attack you in melee.
You have a pair of horns on your head.


Message History

Trog accepts your kill.
You see here a club.
You feel a strong urge to attack something.
An orc priest comes into view. It is wielding a dagger.
You are no longer berserk.
You are exhausted.
You feel yourself slow down.
The orc priest shouts!
The orc hits you but does no damage.
An orc comes into view. It is wielding a dagger.
The orc shouts!
You hit the orc.
The orc is moderately wounded.
The orc hits you but does no damage.
You slash the orc!
You kill the orc!
Trog accepts your kill.
The orc priest mumbles some strange prayers to Beogh against you.
Beogh smites you!
You die...

####### ......# ......#
#######
......######......
..................
......###.)..#### #
.............#####.##.##
.........!....).@)o..o..
....#####..#######..###.
.#### #..... o# ##
#........ .. ..#
............ ##
#.###.#..........
................
##..........<.... ##.#.#
..#.#


You could see an orc priest and 2 orcs.

Vanquished Creatures
  An orc priest (D:3)
  Natasha (D:3)
  2 adders
  An ooze (D:1)
  3 worms
  3 dart slugs
  3 leopard geckos
  2 orcs (D:3)
  10 hobgoblins
  8 bats
  3 frilled lizards (D:1)
  2 goblins (D:1)
  3 kobolds
  9 rats
  A plant (D:2)
52 creatures vanquished.

Notes
Turn   | Place    | Note
-------+----------+-------------------------------------------
     0 | D:1      | froobite the Minotaur Berserker began the quest for the Orb.
     0 | D:1      | Reached XP level 1. HP: 19/19 MP: 0/0
   183 | D:1      | Reached XP level 2. HP: 27/27 MP: 1/1
   357 | D:1      | Reached skill level 4 in Long Blades
   462 | D:1      | Reached ** piety under Trog
   628 | D:1      | Reached XP level 3. HP: 30/33 MP: 2/2
   836 | D:2      | Found an opulent altar of Gozag.
   891 | D:2      | Found a sparkling altar of Nemelex Xobeh.
  1657 | D:3      | Reached XP level 4. HP: 41/41 MP: 3/3
  1776 | D:3      | Noticed Natasha
  1786 | D:3      | Killed Natasha
  1807 | D:3      | Reached skill level 5 in Long Blades
  1807 | D:3      | Reached XP level 5. HP: 6/47 MP: 0/4
  1814 | D:3      | Killed from afar by an orc priest

Vault maps used:
D:1:      minmay_arrival_open_corners
D:2:      grunt_gozag_breadcrumbs, nemelex_xobeh_ov_fountains_minmay,
          serial_forest, infiniplex_forest_clump_C, infiniplex_forest_zigzag_2,
          infiniplex_forest_lined_3, infiniplex_forest_side_room,
          infiniplex_forest_clump_cross, infiniplex_forest_end_3,
          infiniplex_forest_corner_1, infiniplex_forest_zigzag_1
D:3:      old_standard_altar, first_bread, item_on_display_a, uniq_natasha,
          uniq_jessica

Skill      XL: |  1  2  3  4 |
---------------+-------------+-----
Fighting       | 4 |  4.7
Long Blades    | 4 5 |  5.0
Armour         | 3 |  3.7
Dodging        | |  2.8
Stealth        | |  0.5

Action                   |  1- 3 |  4- 6 || total
-------------------------+-------+-------++-------
Melee: Falchion          |    92 |    30 ||   122
       Headbutt          |    16 |     3 ||    19
Invok: Berserk           |       |     1 ||     1
  Use: Scroll            |     7 |       ||     7
  Eat: Chunk             |     2 |       ||     2
Armor: Chain mail        |    58 |    23 ||    81
Dodge: Dodged            |    46 |    14 ||    60
       Rpst.: Falchion   |    14 |     2 ||    16
